 Dungeon Crawl Stone Soup version 0.31.0-32-g396128a36d (webtiles) character file.

Game seed: 17180449653039497706

309 PaiMei the Grave Robber (level 6, -2/46 HPs)
             Began as a Demonspawn Necromancer on Apr 23, 2024.
             Slain by a phantom (3 damage)
             ... on level 4 of the Dungeon.
             The game lasted 00:05:35 (4378 turns).

PaiMei the Grave Robber (Demonspawn Necromancer)    Turns: 4378, Time: 00:05:35

Health: -2/46      AC:  2    Str:  8    XL:     6   Next: 17%
Magic:  11/11      EV: 13    Int: 18    God:
Gold:   179        SH:  0    Dex: 13    Spells: 10/11 levels left

rFire   . . .        u - +2 hand axe (vamp)
rCold   . . .        (no shield)
rNeg    . . .        a - +0 robe
rPois   .            (helmet restricted)
rElec   .            (no cloak)
rCorr   .            (no gloves)
SInv    .            (no boots)
Will    .....        (no amulet)
Stlth   ++           (no ring)
HPRegen 0.27/turn    (no ring)
MPRegen 0.12/turn

%: no passive effects
@: no status effects
A: horns 2, demonic guardian 1
a: no special abilities


You were on level 4 of the Dungeon.
You visited 1 branch of the dungeon, and saw 4 of its levels.

You collected 179 gold pieces.

Inventory:

Hand Weapons
 d - a +0 dagger
 e - a +0 short sword
 u - a +2 vampiric hand axe (weapon)
Missiles
 m - 3 datura-tipped darts (quivered)
 p - 2 poisoned darts
Armour
 a - a +0 robe (worn)
Jewellery
 c - a ring of fire
 i - a ring of ice
Wands
 n - a wand of polymorph (8)
 o - a wand of roots (13)
 w - a wand of light (6)
Scrolls
 h - a scroll of teleportation {unknown}
 k - a scroll of torment {unknown}
 l - a scroll of enchant weapon {unknown}
 r - 2 scrolls of enchant armour {unknown}
 s - a scroll of noise {unknown}
 t - a scroll of acquirement {unknown}
 v - a scroll of amnesia {unknown}
 x - a scroll of identify {unknown}
Potions
 b - a potion of magic
 f - a potion of curing {unknown}
 g - a potion of might {unknown}
 j - a potion of cancellation {unknown}
 q - 2 potions of haste {unknown}


   Skills:
 + Level 2.6 Fighting
 + Level 3.3 Dodging
 - Level 2.0 Stealth
 + Level 3.3 Spellcasting
 + Level 5.6 Necromancy


You had 10 spell levels left.
You knew the following spells:

 Your Spells              Type           Power      Damage    Failure   Level
a - Necrotise             Necr           92%        1d8       1%          1

Your spell library contained the following spells:

 Spells                   Type           Power      Damage    Failure   Level
 Vampiric Draining        Necr           23%        2d7       4%          3
 Cigotuvi's Dreadful Rot  Necr/Alch/Air  18%        N/A       11%         2
 Animate Dead             Necr           23%        N/A       16%         4
 Curse of Agony           Necr           23%        N/A       41%         5
 Ignite Poison            Fire/Alch      3%         N/A       83%         4
 Freezing Cloud           Conj/Ice/Air   1%         6-21      99%         5


Dungeon Overview and Level Annotations

Branches:
Dungeon (4/15)
 Temple: D:4-7

Altars:
Trog

Shops:
D:1 [


Innate Abilities, Weirdness & Mutations

You have a pair of horns on your head.
A weak demonic guardian rushes to your aid.


Message History

The phantom closely misses you.
You completely miss the phantom.
The phantom is moderately damaged.
The phantom hits you. The phantom barely misses you.
You barely miss the phantom.
The phantom is moderately damaged.
The phantom closely misses you.
You barely miss the phantom. Your headbutt misses the phantom.
The phantom is moderately damaged.
The phantom hits you.
You closely miss the phantom.
The phantom is moderately damaged.
The phantom barely misses you.
You hit the phantom but do no damage. Your headbutt misses the phantom.
The phantom is moderately damaged.
The phantom hits you.
* * * LOW HITPOINT WARNING * * *
A demonic guardian appears!
The phantom blinks!
You blink.
The phantom hits you.
* * * LOW HITPOINT WARNING * * *
You closely miss the phantom. You headbutt the phantom.
The phantom is heavily damaged.
The phantom hits you but does no damage.
You hit the phantom.
The phantom is heavily damaged.
The phantom hits you but does no damage.
The phantom closely misses you.
You barely miss the phantom.
The phantom is heavily damaged.
The phantom hits you.
* * * LOW HITPOINT WARNING * * *
The phantom blinks!
You blink.
The phantom hits you.
* * * LOW HITPOINT WARNING * * *
You closely miss the phantom. Your headbutt misses the phantom.
The phantom is heavily damaged.
The phantom barely misses you.
You hit the phantom.
The phantom is heavily damaged.
The phantom hits you.
You die...

#.# #.# #.# #.# #.# #.# #.# ##.#
#.# #.. ...# #.# ### #### #.# ..#
##.## #.# ##...######### ##.
######.@.............# #....
.###.......W.####### #..# .....
..##.######5## #..### #.###
#.##.# #.# #..... #.##.# #.#
#..##. #.#####.##<######.# #...#.
#.................##########.....
#............................>...
#.####.#..################.#...#


You could see a phantom (ally target) and a friendly shadow imp (summoned).

Vanquished Creatures
  Jessica (D:2)
  2 iguanas
  An orc wizard (D:3)
  4 gnolls (D:3)
  4 adders
  7 orcs
  9 endoplasms
  4 giant cockroaches
  4 goblins
  10 hobgoblins
  4 quokkas
  6 ball pythons
  11 bats
  2 frilled lizards
  8 kobolds
  9 rats
86 creatures vanquished.

Vanquished Creatures (collateral kills)
  A jelly (D:4)
  An orc (D:3)
  A bat (D:1)
  An endoplasm (D:3)
  2 hobgoblins
  2 frilled lizards
  A rat (D:3)
9 creatures vanquished.

Grand Total: 95 creatures vanquished

Notes
Turn   | Place    | Note
-------+----------+-------------------------------------------
     0 | D:1      | PaiMei the Demonspawn Necromancer began the quest for the
                  | Orb.
     0 | D:1      | Reached XP level 1. HP: 13/13 MP: 3/3
   161 | D:1      | Found Tash's Antique Armour Emporium.
   183 | D:1      | Gained mutation: You have a pair of small horns on your
                  | head. [demonic ancestry]
   183 | D:1      | Reached XP level 2. HP: 13/19 MP: 0/5
   824 | D:1      | Gained mutation: A weak demonic guardian rushes to your
                  | aid. [demonic ancestry]
   824 | D:1      | Reached XP level 3. HP: 23/25 MP: 1/6
  1071 | D:2      | Reached skill level 1 in Fighting
  1600 | D:2      | Noticed Jessica
  1603 | D:2      | Killed Jessica
  1604 | D:2      | Reached skill level 5 in Necromancy
  1604 | D:2      | Reached XP level 4. HP: 32/32 MP: 3/7
  2102 | D:3      | Reached XP level 5. HP: 38/38 MP: 2/9
  2749 | D:3      | Found a bloodstained altar of Trog.
  3071 | D:3      | Found a faded altar of an unknown god.
  3622 | D:4      | Noticed a phantom
  3631 | D:4      | Gained mutation: You have a pair of horns on your head.
                  | [demonic ancestry]
  3631 | D:4      | Reached XP level 6. HP: 46/46 MP: 4/10
  4376 | D:4      | HP: 2/46 [phantom (5)]
  4378 | D:4      | Slain by a phantom

Illustrated notes

Levels and vault maps discovered:
D:1:      minmay_arrival_diagonal_passages, layout_basic, serial_shops, shop
D:2:      layout_basic, serial_forest, infiniplex_forest_straight_2,
          infiniplex_forest_lined_3, infiniplex_forest_clump_tiny,
          infiniplex_forest_lined_room_, infiniplex_forest_lined_room_,
          infiniplex_forest_straight_2, uniq_jessica
D:3:      layout_basic, lemuel_crystal_altar,
          shapermc_ecumenical_altar_mp_ritualfount, minmay_misc_feat_tower
D:4:      layout_loops_ring

Skill      XL: |  1  2  3  4  5 |
---------------+----------------+-----
Dodging        | 2 3 |  3.3
Stealth        | 2 |  2.0
Fighting       | 1 2 |  2.6
Necromancy     | 5 |  5.6
Spellcasting   | 3 |  3.3

Action                     |  1- 3 |  4- 6 || total
---------------------------+-------+-------++-------
  Melee: Dagger            |     5 |       ||     5
         Unarmed           |     5 |       ||     5
         Short sword       |    20 |    16 ||    36
         Headbutt          |     4 |     5 ||     9
         Hand axe          |       |    28 ||    28
   Cast: Necrotise         |    69 |   106 ||   175
   Stab: Distracted        |     1 |       ||     1
 Armour: Robe              |    35 |    57 ||    92
  Dodge: Dodged            |    48 |    42 ||    90
